AoeStats
← CallMeDad

Arena

510006436Analyzed
1v1 RM · 4d ago on Sep 29, 2026· 21m 3s· 2 players
Game mode
Random Map
Map size
Tiny (2 player)
Population
200
Speed
Normal
Resources
Standard
Victory
Conquest
Starting age
Dark Age
Ending age
Imperial Age
RankedLock teamsTeams togetherTeam positionsShared explorationLock speedFull tech treeHidden civsTurbo modeCheats
Victory
Defeat
🇲🇽 Portuguese · Mexico
419
+15
🇺🇸 Japanese · United States
394
-15
CallMeDad
10:07 Loom
13:01 Feudal Age
14:15 Gold Mining
14:16 Stone Mining
14:14 Double-Bit Axe
14:13 Horse Collar
21:41 Castle Age
meximanu
3:19 Loom
11:41 Feudal Age
16:03 Castle Age
19:17 Fletching
20:33 Double-Bit Axe
Connection lost

Rejoining the realm…

Still unreachable

The connection could not be restored.

Session expired

The server has moved on; the page needs a fresh start.